 Dungeon Crawl Stone Soup version 0.31-a0-202-g547052bce9 (webtiles) character file.

Game seed: 11204590099735153065

35 qw the Shooter (level 3, -3/20 HPs)
             Began as a Deep Elf Hunter on June 26, 2023.
             Slain by Terence
             ... wielding a +0 flail
              (6 damage)
             ... on level 2 of the Dungeon.
             The game lasted 00:00:15 (568 turns).

qw the Shooter (Deep Elf Hunter)                     Turns: 568, Time: 00:00:16

Health: -3/20      AC:  2    Str: 10    XL:     3   Next: 16%
Magic:  5/5        EV: 13    Int: 13    God:
Gold:   47         SH:  0    Dex: 18    Spells: 2/2 levels left

rFire   . . .        Y - +0 shortbow
rCold   + . .        (shield currently unavailable)
rNeg    . . .        f - +0 robe {rC+}
rPois   .            (no helmet)
rElec   .            (no cloak)
rCorr   .            (no gloves)
SInv    .            (no boots)
Will    .....        (no amulet)
Stlth   ++           (no ring)
HPRegen 0.23/turn    (no ring)
MPRegen 0.09/turn

%: no passive effects
@: no status effects
A: no striking features
a: no special abilities


You were on level 2 of the Dungeon.
You visited 1 branch of the dungeon, and saw 2 of its levels.

You collected 47 gold pieces.


   Skills:
 - Level 1.5 Fighting
 + Level 6.7 Ranged Weapons
 - Level 2.4 Dodging
 - Level 1.2 Stealth


You had 2 spell levels left.
You didn't know any spells.
Your spell library was empty.

Inventory:

Hand Weapons
 Y - a +0 shortbow (weapon)
Armour
 c - a +0 leather armour
 f - a +0 robe of cold resistance (worn)
Potions
 a - 2 potions of invisibility {unknown}
 e - a potion of heal wounds {unknown}
 h - a potion of lignification {unknown}

Dungeon Overview and Level Annotations

Branches:
Dungeon (2/15)

Altars:

Annotations:
D:2 Terence


Message History

a jackal corpse; a jackal corpse An adder comes into view.
You shoot an arrow. The arrow hits the adder!
The adder is almost dead.
You shoot an arrow. The arrow hits the adder.
You kill the adder!
You have reached level 3!
Your experience leads to an increase in your attributes!
Increase (S)trength, (I)ntelligence, or (D)exterity?
You feel stronger. x2
a - 2 orange potions Terence the Incautious comes into view.
He is wielding a +0 flail.
You shoot an arrow.
The arrow hits Terence but does no damage.
Terence looks scornfully at you.
You shoot an arrow.
The arrow hits Terence but does no damage.
You shoot an arrow. The arrow hits Terence!
Terence is moderately wounded.
You shoot an arrow. The arrow barely misses Terence.
You shoot an arrow. The arrow closely misses Terence.
You shoot an arrow. The arrow barely misses Terence.
Terence hits you with a +0 flail!
Ouch! That really hurt!
You shoot an arrow.
The arrow hits Terence but does no damage.
Terence is moderately wounded.
Terence hits you with a +0 flail.
You shoot an arrow.
The arrow hits Terence but does no damage.
Terence is moderately wounded.
Terence barely misses you.
You shoot an arrow.
The arrow hits Terence but does no damage.
Terence is moderately wounded.
Terence hits you with a +0 flail.
You shoot an arrow. The arrow hits Terence!
Terence is severely wounded.
Terence hits you with a +0 flail.
You die...

.. ..#
#..#.# ##
###
###%.#.###
#........#
#.##.###.#
#.
#.###.### #
#.......#
#####.#.#
.######.#.#
......@@# .
#########
##


You could see Terence.

Vanquished Creatures
  An adder (D:2)
  A dart slug (D:1)
  2 bats (D:1)
  2 endoplasms (D:1)
  A giant cockroach (D:1)
  2 hobgoblins (D:1)
  4 jackals
  3 kobolds (D:1)
  A quokka (D:1)
  A frilled lizard (D:1)
  4 rats
22 creatures vanquished.

Notes
Turn   | Place    | Note
-------+----------+-------------------------------------------
     0 | D:1      | qw the Deep Elf Hunter began the quest for the Orb.
     0 | D:1      | Reached XP level 1. HP: 12/12 MP: 3/3
     0 | D:1      | 0 ||| qw: Version: 0.3-a-22-g0ed2b0b
     0 | D:1      | 0 ||| qw: Game counter: 5820
     0 | D:1      | 0 ||| qw: Melee chars always use a shield: true
     0 | D:1      | 0 ||| qw: God list: Okawaru
     0 | D:1      | 0 ||| qw: Allow faded altars: false
     0 | D:1      | 0 ||| qw: Do Orc after clearing Dungeon:15 true
     0 | D:1      | 0 ||| qw: Do second Lair branch before Depths: true
     0 | D:1      | 0 ||| qw: Lair rune preference: random
     0 | D:1      | 0 ||| qw: Goals: Normal
     0 | D:1      | 0 ||| PLANNING D:1-11
    90 | D:1      | HP: 3/12 [hobgoblin (3)]
   169 | D:1      | Reached XP level 2. HP: 16/16 MP: 4/4
   174 | D:1      | Reached skill level 6 in Ranged Weapons
   489 | D:1      | 489 ||| UPGRADING to +0 robe of cold resistance.
   499 | D:1      | 499 ||| READING scroll labelled IPSEJERGHABB.
   500 | D:1      | 500 ||| READING scroll labelled VESHOORAUS.
   501 | D:1      | 501 ||| READING scroll labelled WOEPTOI CAXIS.
   502 | D:1      | 502 ||| DROPPING scroll of butterflies.
   543 | D:2      | Reached XP level 3. HP: 20/20 MP: 5/5
   558 | D:2      | Noticed Terence
   565 | D:2      | HP: 3/20 [Terence/+0 flail (6)]
   568 | D:2      | Slain by Terence

Levels and vault maps discovered:
D:1:      lemuel_arrival_cross, layout_rooms
D:2:      layout_loops_corners, serial_shops, shop, serial_aquarium,
          aquarium_bridge_straight [aquarium_subvault_bridge,
          aquarium_subvault_window, aquarium_subvault_bridge,
          aquarium_subvault_wall], aquarium_bridge_island_small
          [aquarium_subvault_small_open, aquarium_subvault_wall,
          aquarium_subvault_wall, aquarium_subvault_wall,
          aquarium_subvault_bridge], aquarium_window_3, aquarium_window_fake,
          aquarium_view_2a, aquarium_view_2b, aquarium_balcony_1b,
          aquarium_pool_corner, uniq_crazy_yiuf_cottage, uniq_sigmund,
          uniq_terence, uniq_robin

Skill      XL: |  1  2 |
---------------+-------+-----
Ranged Weapons | 6 |  6.7
Fighting       | |  1.5
Dodging        | |  2.4
Stealth        | |  1.2

Action                     || total
---------------------------++-------
   Fire: Shortbow          ||    68
    Use: Scroll            ||     3
 Armour: Leather armour    ||     3
  Dodge: Dodged            ||     9

Table legend:
 A = Non-vault XP
 B = Vault XP
 C = Vault XP percentage of total XP
 D = Non-vault monster count
 E = Vault monster count
 F = Vault count percentage of total count
                 A         B        C        D         E       F
            +---------+---------+-------+---------+---------+-------
      Total |      50 |       0 |   0.0 |      22 |       0 |   0.0
            +---------+---------+-------+---------+---------+-------
        D:1 |      31 |       0 |   0.0 |      17 |       0 |   0.0
        D:2 |      19 |       0 |   0.0 |       5 |       0 |   0.0
            +---------+---------+-------+---------+---------+-------
